 Dungeon Crawl Stone Soup version 0.32-a0-768-g0f6f1dd4b9 (webtiles) character file.

Game seed: 7717480705439494446

1276 Ge0ff the Chiller (level 8, 0/54 (59) HPs)
             Began as a Mountain Dwarf Summoner on Mar 18, 2024.
             Was an Initiate of Vehumet.
             Slain by a wight
             ... wielding a +0 trident
              (1 damage)
             ... on level 5 of the Dungeon.
             The game lasted 00:20:21 (6408 turns).

Ge0ff the Chiller (Mountain Dwarf Summoner)         Turns: 6408, Time: 00:20:21

HP:   0/54 (59)     AC:  5    Str:  9 (11) XL:     8   Next: 28%
MP:   23/23         EV: 10    Int: 15 (18) God:    Vehumet [......]
Gold: 255           SH:  0    Dex:  7 (10) Spells: 2/15 levels left

rFire   . . .        a - +1 dagger (venom)
rCold   . . .        (no shield)
rNeg    + . .        P - +0 robe
rPois   .            I - +1 helmet
rElec   .            (no cloak)
rCorr   .            H - +0 pair of gloves
SInv    .            (no boots)
Will    +....        E - amulet of the acrobat
Stlth   +            U - ring of magical power {=R}
HPRegen 0.29/turn    G - ring of positive energy
MPRegen 0.18/turn

%: acrobat
@: confused, ambrosia-drunk, attractive, enlightened, flying, hasted, drained,
very quick
A: runic magic, artefact enchanting
a: Renounce Religion


You were on level 5 of the Dungeon.
You worshipped Vehumet.
Vehumet was noncommittal.
You visited 1 branch of the dungeon, and saw 6 of its levels.

You collected 255 gold pieces.

Inventory:

Hand Weapons
 a - a +1 dagger of venom (weapon)
 b - a +1 dagger of protection
 h - a +0 spear
 C - a +2 rapier of distortion
 Q - a +0 long sword
Missiles
 y - 6 poisoned darts
 J - 4 darts of dispersal
 M - 45 stones (quivered)
 Z - 5 boomerangs
Armour
 H - a +0 pair of gloves (worn)
 I - a +1 helmet (worn)
 N - a +0 leather armour
 P - a +0 robe (worn)
 Y - a +0 chain mail
Jewellery
 E - an amulet of the acrobat (around neck)
 G - a ring of positive energy (right hand)
 U - a ring of magical power (left hand) {=R}
Scrolls
 m - a scroll of revelation
 B - a scroll of blinking
Potions
 K - 3 potions of magic {!q}
 X - a potion of enlightenment


   Skills:
 - Level 1.0 Fighting
 - Level 1.3 Dodging
 - Level 1.4 Stealth
 - Level 4.0 Spellcasting
 - Level 5.0 Summonings
 + Level 1.9 Fire Magic
 + Level 7.4 Ice Magic


You had 2 spell levels left.
You knew the following spells:

 Your Spells              Type           Power      Damage    Failure   Level
a - Summon Small Mammal   Summ           72%        N/A       2%          1
f - Summon Blazeheart Go  Fire/Summ      13%        N/A       41%         4
m - Frozen Ramparts       Ice            50%        1d8       2%          3
s - Call Imp              Summ           36%        N/A       3%          2
C - Summon Ice Beast      Ice/Summ       21%        N/A       4%          3

Your spell library contained the following spells:

 Spells                   Type           Power      Damage    Failure   Level
 Freeze                   Ice            100%       1d10      1%          1
 Mercury Vapours          Alch/Air       6%         N/A       26%         2
 Call Canine Familiar     Summ           18%        N/A       7%          3
 Hailstorm                Conj/Ice       14%        3d6       12%         3
 Mephitic Cloud           Conj/Alch/Air  3%         N/A       47%         3
 Sigil of Binding         Hex            3%         N/A       47%         3
 Summon Lightning Spire   Summ/Air       10%        N/A       54%         4
 Freezing Cloud           Conj/Ice/Air   5%         6-21      88%         5
 Permafrost Eruption      Ice/Erth       7%         2x4d3     99%         6
 Sculpt Simulacrum        Ice/Alch       7%         N/A       99%         6
 Death Channel            Necr           1%         N/A       100%        6


Dungeon Overview and Level Annotations

Branches:
Dungeon (6/15) Zot: 26831
 Temple: D:4-7

Altars:
Elyvilon
Gozag
Makhleb
Okawaru
Qazlal
Vehumet

Annotations:
D:5 3 runed translucent doors (chaos and dist), exclusion: 3 doors, Sapher's ghost, amateur MDEE


Innate Abilities, Weirdness & Mutations

Your spellcasting is much less encumbered by armour.
You can use scrolls of enchantment on lesser artefacts.


Message History

* * * LOW HITPOINT WARNING * * *
It was a potion of attraction.
You feel attractive to monsters. The wight hits you with a +0 mace.
* * * LOW HITPOINT WARNING * * *
As you read the scroll labelled QUHUYF ZANU, it crumbles to dust.
You hear the flapping of tiny wings.
The wight is knocked back by the sudden gust. x3
It was a scroll of butterflies.
The wight completely misses your butterfly.
As you read the scroll labelled PEFAIX XIWKEL, it crumbles to dust.
You hear a loud clanging noise!
It was a scroll of noise.
As you read the scroll labelled VUQAIG YKKIDE, it dissolves into smoke.
It was a scroll of fog.
Something hits your butterfly!
Your butterfly dies!
Your butterfly disappears in a burst of colours!
The wight hits your butterfly with a +0 mace!
Your butterfly dies!
Your butterfly disappears in a burst of colours!
The wight is attracted toward you.
As you read the scroll labelled PUOTETHR TAURPHU, it crumbles to dust.
It is a scroll of enchant armour.
Your +0 helmet glows green for a moment.
The wight closely misses you.
The wight hits you from afar with a +0 trident.
* * * LOW HITPOINT WARNING * * *
You partially resist.
You feel drained.
It was a potion of curing.
You feel better.
Unknown command.
Okay, then.
You drop 2 potions of degeneration.
The wight hits you but does no damage. The wight misses you.
Unknown command.
You are too injured to fight recklessly!
As you read the scroll labelled NUV IGUYLE, it crumbles to dust.
It is a scroll of identify.
S - a scroll of blinking;
B - a scroll of blinking The wight closely misses you. x2
It was a potion of ambrosia.
You are confused.
You feel invigorated.
You bump into the rock wall.
The wight hits you with a +0 mace.
* * * LOW HITPOINT WARNING * * *
The wight hits you from afar with a +0 trident!
* * * LOW HITPOINT WARNING * * *
You partially resist.
You feel drained.
You die...

###############
###################### #####
##############...#...# ##.#.##
###############.##..#.#
#.###.###.######@#####.###....#
##.###.##.######z####.###.....#
#....#...#######zz...###..#...##
#.##.....######b§#§.####.##....#
.####......###.b###.###..###...#
####.###..#...b####.....###....#
##.## #.####.######....###..###
#.## #.####..#####....##..##
#.## #........####...##..##


You could see 3 wights.

Vanquished Creatures
  2 water moccasins (D:5)
  A sky beast (D:4)
  A centaur (D:6)
  A phantom (D:5)
  A bullfrog (D:5)
  A hound (D:4)
  An orc priest (D:5)
  An iguana (D:5)
  An adder (D:3)
  A ribbon worm (D:2)
  3 orcs
  2 endoplasms
  2 giant cockroaches
  2 goblins
  6 hobgoblins
  4 quokkas
  2 ball pythons (D:1)
  2 frilled lizards
  A kobold (D:2)
35 creatures vanquished.

Vanquished Creatures (collateral kills)
  An ice beast (D:5)
  A black bear (D:5)
  2 ogres
  A wight (D:6)
  A bombardier beetle (D:4)
  A crimson imp (D:3)
  A jelly (D:5)
  2 iguanas
  3 adders
  2 ufetubi (D:5)
  A dart slug (D:1)
  3 ribbon worms
  6 orcs
  2 bats
  6 endoplasms
  2 giant cockroaches
  5 goblins
  3 hobgoblins
  3 jackals (D:3)
  3 quokkas
  2 ball pythons
  2 frilled lizards
  4 kobolds
  2 rats
59 creatures vanquished.

Grand Total: 94 creatures vanquished

Notes
Turn   | Place    | Note
-------+----------+-------------------------------------------
     0 | D:1      | Ge0ff the Mountain Dwarf Summoner began the quest for the
                  | Orb.
     0 | D:1      | Reached XP level 1. HP: 14/14 MP: 3/3
   297 | D:1      | Reached XP level 2. HP: 16/20 MP: 0/5
   350 | D:1      | Learned a level 2 spell: Call Imp
  1119 | D:1      | Found a faded altar of an unknown god.
  1205 | D:2      | Reached skill level 1 in Fighting
  1441 | D:2      | Reached XP level 3. HP: 28/28 MP: 6/6
  1472 | D:2      | Learned a level 3 spell: Summon Ice Beast
  2556 | D:3      | Reached XP level 4. HP: 35/35 MP: 7/7
  2662 | D:3      | Reached skill level 1 in Ice Magic
  3168 | D:3      | Found a radiant altar of Vehumet.
  3192 | D:3      | Found a burning altar of Makhleb.
  3199 | D:3      | Reached skill level 5 in Summonings
  3287 | D:3      | Became a worshipper of Vehumet
  3348 | D:4      | Found an opulent altar of Gozag.
  3348 | D:4      | Noticed a sky beast
  3375 | D:4      | Killed a sky beast
  3376 | D:4      | Reached skill level 3 in Ice Magic
  3376 | D:4      | Reached XP level 5. HP: 27/40 MP: 9/9
  3387 | D:4      | Learned a level 3 spell: Frozen Ramparts
  3518 | D:4      | Found an iron altar of Okawaru.
  3745 | D:4      | Reached XP level 6. HP: 41/47 MP: 10/10
  3803 | D:4      | Reached skill level 4 in Ice Magic
  4268 | D:4      | Found a white marble altar of Elyvilon.
  4481 | D:4      | Found a stormy altar of Qazlal.
  4592 | D:5      | Entered Level 5 of the Dungeon
  4592 | D:5      | Noticed a water moccasin
  4603 | D:5      | Killed a water moccasin
  4604 | D:5      | Reached skill level 5 in Ice Magic
  4604 | D:5      | Reached XP level 7. HP: 52/52 MP: 11/11
  4804 | D:5      | Found a runed translucent gate.
  4804 | D:5      | Found a runed translucent gate.
  4804 | D:5      | Found a runed translucent gate.
  4807 | D:5      | Noticed Sapher's ghost (amateur MDEE)
  4951 | D:5      | Reached skill level 6 in Ice Magic
  6028 | D:5      | Reached XP level 8. HP: 55/59 MP: 14/14
  6180 | D:5      | Reached skill level 7 in Ice Magic
  6231 | D:5      | Learned a level 4 spell: Summon Blazeheart Golem
  6273 | D:6      | Reached skill level 1 in Fire Magic
  6408 | D:5      | HP: 1/55 [wight/+0 trident (11)]
  6408 | D:5      | Slain by a wight

Illustrated notes

Levels and vault maps discovered:
D:1:      evilmike_arrival_plus, layout_loops_cross,
          hellmonk_ecumenical_altar_leap_of_faith
D:2:      layout_loops_corners
D:3:      layout_rooms, grunt_temple_overflow_lords_of_destruction
D:4:      layout_loops_ring, mainiacjoe_overflow_catwalk, jmf_multi_god_temple2,
          lemuel_tele_altar
D:5:      layout_layer_cave, gammafunk_ghost_nasty_kobolds
D:6:      layout_cave_pools, minmay_manual_monstrance

Skill      XL: |  1  2  3  4  5  6  7  8 |
---------------+-------------------------+-----
Spellcasting   | 2 3 4 |  4.0
Fighting       | 1 |  1.0
Ice Magic      | 3 5 6 7 |  7.4
Summonings     | 5 |  5.0
Fire Magic     | 1 |  1.9
Dodging        | |  1.3
Stealth        | |  1.4

Action                     |  1- 3 |  4- 6 |  7- 9 || total
---------------------------+-------+-------+-------++-------
  Melee: Dagger            |    70 |    36 |    29 ||   135
         Unarmed           |     3 |       |       ||     3
  Throw: Stone             |     1 |     6 |    15 ||    22
   Cast: Summon Small Mamm |    22 |    13 |     3 ||    38
         Call Imp          |    27 |    14 |     8 ||    49
         Summon Ice Beast  |       |     9 |    17 ||    26
         Frozen Ramparts   |       |    10 |     8 ||    18
  Evoke: Wand              |       |       |     1 ||     1
    Use: Potion            |       |       |     8 ||     8
         Scroll            |       |       |     6 ||     6
   Stab: Distracted        |     1 |       |     3 ||     4
 Armour: Robe              |    54 |    21 |    40 ||   115
  Dodge: Dodged            |    45 |    15 |    44 ||   104

Table legend: (Time is in decaauts)
 A = Elapsed time spent in this place.
 B = Non-inter-level travel time spent in this place.
 C = Inter-level travel time spent in this place.
 D = Time resting spent in this place.
 E = Time spent auto-exploring this place.
 F = Levels seen in this place.
 G = Mean time per level.
                   A        B        C        D        E       F      G
               +--------+--------+--------+--------+--------+-----+--------+
         Total |   6406 |   6029 |    377 |    579 |   4133 |   6 | 1067.7 |
       Dungeon |   6406 |   6029 |    377 |    579 |   4133 |   6 | 1067.7 |
               +--------+--------+--------+--------+--------+-----+--------+

Top non-repeatable levels by time:
     D:5: 1607 daAuts
     D:4: 1276 daAuts
     D:2: 1259 daAuts
     D:1: 1183 daAuts
     D:3: 923 daAuts
     D:6: 157 daAuts
